 Dungeon Crawl Stone Soup version 0.24-a0-335-g06ca16a (webtiles) character file.

Game seed: 14306210210010449770

2269 Borgoz the Slicer (level 9, 0/81 HPs)
             Began as a Halfling Gladiator on May 18, 2019.
             Was an Initiate of Ashenzari.
             Slain by an orc warrior
             ... wielding a +0 glaive
              (3 damage)
             ... on level 7 of the Dungeon.
             The game lasted 00:13:36 (6383 turns).

Borgoz the Slicer (Halfling Gladiator)              Turns: 6383, Time: 00:13:37

Health: 0/81       AC: 15    Str: 23    XL:     9   Next: 65%
Magic:  9/9        EV: 15    Int:  6    God:    Ashenzari [......]
Gold:   225        SH:  0    Dex: 16    Spells: 8/8 levels left

rFire    . . .     SeeInvis +   a - +0 rapier
rCold    . . .     Gourm    .   (shield restricted)
rNeg     . . .     Faith    .   j - +0 chain mail
rPois    .         Spirit   .   i - +0 helmet
rElec    .         Reflect  .   s - +0 cloak
rCorr    .         Harm     .   h - +0 pair of gloves
MR       .....                  n - +0 pair of boots
Stlth    ..........             (no amulet)
HPRegen  0.23/turn              (no ring)
MPRegen  0.11/turn              (no ring)

@: berserking, very quick
A: small, talons 1, see invisible, frail 1, mutation resistance 1
a: Curse Item, Renounce Religion


You were on level 7 of the Dungeon.
You worshipped Ashenzari.
Ashenzari was noncommittal.
You were not hungry.

You visited 1 branch of the dungeon, and saw 7 of its levels.

You collected 355 gold pieces.
You spent 130 gold pieces at shops.

Inventory:

Hand Weapons
 a - a +0 rapier (weapon)
Missiles
 e - 2 throwing nets (quivered)
Armour
 h - a +0 pair of gloves (worn)
 i - a +0 helmet (worn)
 j - a +0 chain mail (worn)
 n - a +0 pair of boots (worn)
 s - a +0 cloak (worn)
Jewellery
 q - an uncursed ring of magical power
Wands
 m - a wand of paralysis (3)
 u - a wand of polymorph (9)
 x - a wand of flame (10)
Scrolls
 l - a scroll of amnesia {unknown}
 p - a scroll of blinking
 r - 2 scrolls of enchant armour
 t - 2 scrolls of remove curse
 w - a scroll of fog
 y - 2 scrolls of enchant weapon {unknown}
Potions
 d - 3 potions of might
 k - a potion of resistance
 o - a potion of haste
 z - a potion of agility
Comestibles
 b - 7 chunks of flesh
 f - 10 rations


   Skills:
 + Level 5.3 Fighting
 + Level 9.7 Short Blades
 - Level 2.6 Throwing
 + Level 5.5 Armour
 + Level 6.9 Dodging


You had 8 spell levels left.
You didn't know any spells.
Your spell library contained the following spells:

 Spells                   Type           Power        Failure   Level  Hunger
 Infusion                 Chrm           #...         98%         1    ##.....
 Shroud of Golubria       Chrm/Tloc      #.........   99%         2    ###....
 Song of Slaying          Chrm           #.......     99%         2    ###....
 Regeneration             Chrm/Necr      #.........   100%        3    ####...
 Spectral Weapon          Hex/Chrm       #.......     100%        3    ####...


Dungeon Overview and Level Annotations

Branches:
Dungeon (7/15)             Temple (0/1) D:7

Altars:
Ashenzari
Cheibriados
Elyvilon
Fedhas
Gozag
Kikubaaqudgha
Okawaru
Vehumet
Wu Jian
The Shining One

Shops:
D:4 !   D:5 [


Innate Abilities, Weirdness & Mutations

You are small and have problems with some larger weapons.
You are somewhat resistant to further mutation.
You have sharp toenails.
You have supernaturally acute eyesight. (SInv)
You are frail. (-10% HP)


Message History

The orc priest mumbles some strange prayers to Beogh against you.
Beogh smites you!
You puncture the orc wizard!
You kill the orc wizard!
The jelly jiggles.
The orc warrior closely misses you.
Things that are here:
a +0 dagger; a +0 robe You barely miss the orc warrior.
The orc warrior completely misses you.
The orc priest invokes the aid of Beogh against you.
Beogh smites you!
* * * LOW HITPOINT WARNING * * *
You feel better.
A red film seems to cover your vision as you go berserk!
You feel yourself moving faster!
You feel mighty!
The orc warrior hits you with a +0 glaive!
* * * LOW HITPOINT WARNING * * *
You barely miss the orc warrior.
The orc warrior hits you with a +0 glaive.
You die...

########## ###########
#.........
..........#####.########
....>)...#.......#
#.####..#.######.# #.#
#..#.# #.# #.## #....#
#.# ...# #[.### #@# ...#
#..# #o# ...# #..#
#ho%..... ..## #...
.oJ...##. #.# ...#
###..#.# #........ ..# #
#.#...... ... .##.. ..#.
#. #.#.#


You could see an orc warrior, a hound, a jelly, an orc priest and an orc wizard.

Vanquished Creatures
  Edmund (D:4)
  An ice beast (D:5)
  A sky beast (D:6)
  3 ogres
  3 phantoms
  4 bullfrogs
  3 scorpions
  4 wights (D:6)
  2 crimson imps (D:7)
  A hound (D:4)
  A jelly (D:5)
  2 orc priests (D:6)
  4 orc wizards
  Crazy Yiuf (D:2)
  A centaur skeleton (D:6)
  Jessica (D:2)
  An iguana (D:4)
  6 worker ants
  2 worker ant zombies (D:5)
  Robin (D:2)
  7 gnolls
  8 adders
  2 shadow imps
  2 adder skeletons
  2 worms
  3 dart slugs
  8 leopard geckos
  18 orcs
  A ball python (D:4)
  9 bats
  6 giant cockroaches
  15 goblins
  13 hobgoblins
  4 jackals (D:3)
  6 frilled lizards
  10 kobolds
  5 rats
162 creatures vanquished.

Notes
Turn   | Place    | Note
-------+----------+-------------------------------------------
     0 | D:1      | Borgoz the Halfling Gladiator began the quest for the Orb.
     0 | D:1      | Reached XP level 1. HP: 14/14 MP: 1/1
   137 | D:1      | Reached XP level 2. HP: 19/19 MP: 2/2
   519 | D:1      | Reached XP level 3. HP: 24/24 MP: 3/3
   524 | D:1      | Reached skill level 4 in Short Blades
   820 | D:2      | Found a snail-covered altar of Cheibriados.
   899 | D:2      | Found a runed translucent door.
   900 | D:2      | Noticed Crazy Yiuf
  1008 | D:2      | You fall through a shaft!
  1029 | D:3      | Reached XP level 4. HP: 20/30 MP: 4/4
  1169 | D:3      | Found an ancient bone altar of Kikubaaqudgha.
  1468 | D:3      | Reached XP level 5. HP: 28/35 MP: 5/5
  1534 | D:2      | Noticed Jessica
  1541 | D:2      | Killed Jessica
  1541 | D:2      | Reached skill level 1 in Armour
  1699 | D:2      | Noticed Robin
  1723 | D:2      | Reached skill level 5 in Short Blades
  1734 | D:2      | Killed Robin
  2076 | D:2      | Killed Crazy Yiuf
  2076 | D:2      | Reached XP level 6. HP: 36/41 MP: 6/6
  2359 | D:3      | Found a white marble altar of Elyvilon.
  2472 | D:3      | Found a glowing golden altar of the Shining One.
  2835 | D:4      | Noticed an ogre
  2846 | D:4      | Killed an ogre
  3131 | D:4      | Noticed a phantom
  3185 | D:4      | Killed a phantom
  3185 | D:4      | Reached skill level 6 in Short Blades
  3185 | D:4      | Reached XP level 7. HP: 44/46 MP: 7/7
  3602 | D:4      | Noticed Edmund
  3626 | D:4      | Reached skill level 5 in Dodging
  3638 | D:4      | Gained mutation: You have sharp toenails. [potion of
                  | mutation]
  3638 | D:4      | Gained mutation: You are frail. (-10% HP) [potion of
                  | mutation]
  3638 | D:4      | Gained mutation: You have supernaturally acute eyesight.
                  | (SInv) [potion of mutation]
  3658 | D:4      | Killed Edmund
  3711 | D:4      | Reached skill level 7 in Short Blades
  3711 | D:4      | Reached XP level 8. HP: 8/48 MP: 8/8
  4032 | D:4      | Found a shattered altar of Ashenzari.
  4053 | D:4      | Became a worshipper of Ashenzari the Shackled
  4271 | D:4      | Found Haown's Distillery.
  4278 | D:4      | Bought a potion of heal wounds for 50 gold pieces
  4278 | D:4      | Bought a potion of might for 40 gold pieces
  4278 | D:4      | Bought a potion of might for 40 gold pieces
  4437 | D:5      | Entered Level 5 of the Dungeon
  4503 | D:5      | Found an iron altar of Okawaru.
  4517 | D:5      | Found a radiant altar of Vehumet.
  4695 | D:5      | Found Tuawob's Antique Armour Emporium.
  5111 | D:6      | Reached skill level 8 in Short Blades
  5125 | D:6      | Found a blossoming altar of Fedhas.
  5260 | D:6      | Found an ornate altar of the Wu Jian Council.
  5311 | D:6      | Reached XP level 9. HP: 30/53 MP: 9/9
  5452 | D:6      | Reached skill level 9 in Short Blades
  5619 | D:6      | Upgraded the game from 0.24-a0-333-g864f2b5 to
                  | 0.24-a0-335-g06ca16a
  5661 | D:6      | Reached skill level 5 in Armour
  5669 | D:6      | Reached skill level 5 in Fighting
  5739 | D:6      | Found an opulent altar of Gozag.
  6113 | D:7      | Found a staircase to the Ecumenical Temple.
  6382 | D:7      | HP: 3/81 [orc warrior/+0 glaive (14)]
  6383 | D:7      | Slain by an orc warrior

Levels and vault maps discovered:
D:1:      lemuel_arrival_broad_hall, layout_basic, nrook_campfire
D:2:      layout_basic, kennysheep_slug_shrine, uniq_robin, uniq_jessica,
          uniq_crazy_yiuf_cottage
D:3:      layout_basic, lemuel_doored_altar, tso_altar, kiku_gazebo_pond_becter,
          first_ration
D:4:      layout_rooms, kennysheep_mini_moat, serial_shops, shop, uniq_edmund
D:5:      layout_loops_ring, vehumet_altar_wand_db, serial_shops,
          shop_fountains, okawaru_gym_becter
D:6:      layout_basic, nicolae_overflow_crystal_walls, lemuel_crystal_altar,
          corexii_leaking_fountain, nicolae_gozag_seed_capital
D:7:      layout_loops_ring, minmay_temple_entry_gardened_gates

Skill      XL: |  1  2  3  4  5  6  7  8  9 |
---------------+----------------------------+-----
Fighting       | 2 3 4 5 |  5.3
Short Blades   | 4 5 6 7 8 9 |  9.7
Dodging        | 4 5 6 |  6.9
Armour         | 1 2 3 4 5 |  5.5
Throwing       | |  2.6

Action                   |  1- 3 |  4- 6 |  7- 9 || total
-------------------------+-------+-------+-------++-------
Melee: Rapier            |   119 |   329 |   500 ||   948
Throw: Throwing net      |       |     3 |     2 ||     5
Evoke: Wand              |       |       |     4 ||     4
  Use: Scroll            |     2 |     3 |     6 ||    11
       Potion            |       |       |    10 ||    10
 Stab: Sleeping          |     1 |       |       ||     1
       Held in net/web   |       |       |     3 ||     3
  Eat: Chunk             |       |     8 |    11 ||    19
Armor: Leather armour    |    25 |    78 |    12 ||   115
       Skin              |       |       |    23 ||    23
       Chain mail        |       |       |   143 ||   143
Dodge: Dodged            |   111 |   300 |   259 ||   670

Table legend:
 A = Non-vault XP
 B = Vault XP
 C = Vault XP percentage of total XP
 D = Non-vault monster count
 E = Vault monster count
 F = Vault count percentage of total count
                 A         B        C        D         E       F
            +---------+---------+-------+---------+---------+-------
      Total |    2953 |     289 |   8.9 |     145 |      17 |  10.5
            +---------+---------+-------+---------+---------+-------
        D:1 |      39 |       0 |   0.0 |      25 |       0 |   0.0
        D:2 |      37 |     115 |  75.7 |      16 |      15 |  48.4
        D:3 |     105 |       0 |   0.0 |      32 |       0 |   0.0
        D:4 |     826 |     173 |  17.3 |      23 |       1 |   4.2
        D:5 |     235 |       1 |   0.4 |      10 |       1 |   9.1
        D:6 |    1293 |       0 |   0.0 |      29 |       0 |   0.0
        D:7 |     418 |       0 |   0.0 |      10 |       0 |   0.0
            +---------+---------+-------+---------+---------+-------
